 Dungeon Crawl Stone Soup version 0.29.1-1-gd02db6906a (webtiles) character file.

Game seed: 14535179782922566026

32 Demigod47 the Covered (level 3, -3/33 HPs)
             Began as a Minotaur Fighter on Oct 7, 2022.
             Killed from afar by Sigmund (9 damage)
             ... with a magic dart
             ... on level 2 of the Dungeon.
             The game lasted 00:01:28 (1021 turns).

Demigod47 the Covered (Minotaur Fighter)            Turns: 1021, Time: 00:01:29

Health: -3/33      AC:  9    Str: 22    XL:     3   Next: 8%
Magic:  2/2        EV:  9    Int:  5    God:
Gold:   68         SH:  4    Dex:  9    Spells: 2/2 levels left

rFire   . . .      SeeInvis .   a - +0 flail
rCold   . . .      Faith    .   c - +0 buckler
rNeg    . . .      Spirit   .   b - +0 scale mail
rPois   .          Reflect  .   (helmet restricted)
rElec   .          Harm     .   e - +0 cloak
rCorr   .          Rampage  .   f - +0 pair of gloves
Will    .....                   (no boots)
Stlth   ..........              (no amulet)
HPRegen 0.11/turn               (no ring)
MPRegen 0.08/turn               (no ring)

@: no status effects
A: horns 2, retaliatory headbutt
a: no special abilities


You were on level 2 of the Dungeon.
You visited 1 branch of the dungeon, and saw 2 of its levels.

You collected 68 gold pieces.

Inventory:

Hand Weapons
 a - a +0 flail (weapon)
Armour
 b - a +0 scale mail (worn)
 c - a +0 buckler (worn)
 e - a +0 cloak (worn)
 f - a +0 pair of gloves (worn)
Scrolls
 g - 2 scrolls of identify {unknown}
 j - a scroll of blinking {unknown}
 m - a scroll of teleportation {unknown}
Potions
 d - a potion of might
 h - a potion of heal wounds {unknown}
 i - a potion of haste {unknown}
 k - a potion of degeneration {unknown}
 l - a potion of mutation {unknown}
 n - a potion of flight {unknown}


   Skills:
 + Level 4.1 Fighting
 + Level 2.7 Maces & Flails
 + Level 4.3 Armour
 + Level 3.9 Shields


You had 2 spell levels left.
You didn't know any spells.
Your spell library was empty.

Dungeon Overview and Level Annotations

Branches:
Dungeon (2/15)

Altars:

Annotations:
D:2 Sigmund


Innate Abilities, Weirdness & Mutations

You have a pair of horns on your head.
You reflexively headbutt those who attack you in melee.


Message History

You enter the shallow water.
Moving in this stuff is going to be slow.
Done exploring.
Your unstable footing causes you to fumble your attack.
Done exploring.
Done exploring.
Done exploring.
There is a stone staircase leading down, spattered with blood here.
You see here a quokka skeleton.
There is an open door here.
You enter the shallow water.
Moving in this stuff is going to be slow.
There is an open door here.
There is a stone staircase leading down, spattered with blood here.
You see here a quokka skeleton.
You climb downwards.
There is a stone staircase leading up here.
A goblin comes into view. It is wielding a +0 club.
The goblin shouts!
A goblin is nearby!
Unknown command.
The goblin barely misses you.
You sock the goblin!
You kill the goblin!
Things that are here:
a +0 club; a goblin corpse Sigmund the Dreaded comes into view.
He is wielding a +0 scythe.
Sigmund hits you with a +0 scythe!
You closely miss Sigmund. Sigmund hits you with a +0 scythe!
You completely miss Sigmund.
Sigmund points at you and mumbles some strange words.
The magic dart hits you.
* * * LOW HITPOINT WARNING * * *
Sigmund points at you and mumbles some strange words.
The magic dart hits you.
* * * LOW HITPOINT WARNING * * *
Sigmund attacks as you move away! Sigmund closely misses you.
Sigmund gestures at you while chanting. The magic dart hits you!
You die...

.. .. .####
..#.##########
..#####.#.#........#
..........#.######.#
#...@.#.#.# #.#
#.#####.#.#)# #.#
.......@..#.# #.#
#######.###.# #.#
#.........# #.#
#####.##########.##
#.# #......<.# #.#
#.#####.## #.. #.#
#.. #.# .... #.#


You could see Sigmund.

Vanquished Creatures
  A dart slug (D:1)
  A bat (D:1)
  2 endoplasms (D:1)
  3 giant cockroaches (D:1)
  2 goblins
  2 hobgoblins (D:1)
  5 jackals (D:1)
  4 quokkas (D:1)
  4 rats (D:1)
24 creatures vanquished.

Vanquished Creatures (others)
  A plant (D:1)
1 creature vanquished.

Grand Total: 25 creatures vanquished

Notes
Turn   | Place    | Note
-------+----------+-------------------------------------------
     0 | D:1      | Demigod47 the Minotaur Fighter began the quest for the Orb.
     0 | D:1      | Reached XP level 1. HP: 19/19 MP: 0/0
     2 | D:1      | Noticed an octopode
     4 | D:1      | Noticed a meteoran
     4 | D:1      | Noticed a ghoul
     6 | D:1      | Noticed a spriggan
     6 | D:1      | Noticed a merfolk
     8 | D:1      | Noticed a minotaur
    10 | D:1      | Noticed a tengu
    10 | D:1      | Noticed a vine stalker
    12 | D:1      | Noticed an elf
    12 | D:1      | Noticed a human
    14 | D:1      | Noticed a draconian
    14 | D:1      | Noticed a palentonga
    16 | D:1      | Noticed a demigod
    16 | D:1      | Noticed a felid
    18 | D:1      | Noticed an ogre
    20 | D:1      | Noticed a gargoyle
    20 | D:1      | Noticed a formicid
    22 | D:1      | Noticed a vampire
    22 | D:1      | Noticed a troll
    24 | D:1      | Noticed a demonspawn
    24 | D:1      | Noticed an ogre
    26 | D:1      | Noticed a meteoran
    26 | D:1      | Noticed a gargoyle
   281 | D:1      | Reached XP level 2. HP: 24/27 MP: 1/1
   777 | D:1      | Reached XP level 3. HP: 31/33 MP: 2/2
  1014 | D:2      | Noticed Sigmund
  1021 | D:2      | Killed from afar by Sigmund

Illustrated notes

Levels and vault maps discovered:
D:1:      kb_arrival_jail, layout_basic, minmay_misc_feat_diagonals,
          serial_bayou_lagoon_a
D:2:      minmay_chambers_of_ones, layout_basic, serial_co_window_serial,
          co_window_cross_1, co_window_paths_b, co_window_corner_a,
          co_window_of_opportunity_a, co_window_corner_a, co_window_corner_a,
          co_window_paths_b, co_window_corner_b, co_window_cross_2,
          co_window_of_opportunity_c, glass_columns_a, glass_columns_a,
          glass_columns_b, glass_columns_a, glass_columns_a,
          chequers_serial_rivers_room_b, uniq_sigmund

Skill      XL: |  1  2 |
---------------+-------+-----
Armour         | 4 |  4.3
Fighting       | 4 |  4.1
Maces & Flails | |  2.7
Shields        | |  3.9

Action                   || total
-------------------------++-------
Melee: Flail             ||    56
       Headbutt          ||     4
Armor: Scale mail        ||    27
Dodge: Dodged            ||    29
Block: Buckler           ||    12
